 Dungeon Crawl Stone Soup version 0.30-a0-996-ga6910c8ee8 (webtiles) character file.

Game seed: 15194138659931645389

2277 jimonade the Skirmisher (level 9, -3/79 HPs)
             Began as a Naga Hunter on Apr 4, 2023.
             Slain by a chaos spawn (10 damage)
             ... summoned by a kobold demonologist
             ... on level 7 of the Dungeon.
             The game lasted 00:16:49 (5704 turns).

jimonade the Skirmisher (Naga Hunter)               Turns: 5704, Time: 00:16:50

Health: -3/79      AC: 12    Str: 14    XL:     9   Next: 39%
Magic:  9/9        EV:  9    Int: 14    God:
Gold:   425        SH:  0    Dex: 14    Spells: 8/8 levels left

rFire   . . .      SeeInvis +    a - +1 shortbow
rCold   . . .      Faith    .    (shield currently unavailable)
rNeg    . . .      Spirit   .    d - +4 ring mail
rPois   +          Reflect  .    i - +1 helmet
rElec   .          Rampage  .    (no cloak)
rCorr   .                        (no gloves)
Will    +....                    (no barding)
Stlth   +                        l - amulet of regeneration
HPRegen 1.13/turn                (no ring)
MPRegen 0.11/turn                (no ring)

@: very slow
A: AC +3, large, see invisible, deformed body, poison resistance, slowness 2,
spit poison 1, naga tail 1
a: Spit Poison


You were on level 7 of the Dungeon.
You visited 1 branch of the dungeon, and saw 7 of its levels.
You also visited: Sewer.

You collected 425 gold pieces.

Inventory:

Hand Weapons
 a - a +1 shortbow (weapon)
 e - a +1 dagger of venom
 q - a +0 whip
 D - a +1 short sword of electrocution
 F - a +0 short sword
Missiles
 A - 21 poisoned darts
Armour
 c - a +0 leather armour
 d - a +4 ring mail (worn)
 i - a +1 helmet (worn)
Magical Staves
 r - a staff of air
 w - a staff of poison
Jewellery
 l - an amulet of regeneration (around neck)
 y - the ring of the Distant Future {MP+9 Str+4}
   (You found it on level 6 of the Dungeon)

   [ring of magical power]

   Str:       It affects your strength (+4).
   MP:        It affects your magic capacity (+9).
 E - a +6 ring of intelligence
Wands
 f - a wand of light (11)
 v - a wand of roots (10)
 z - a wand of mindburst (6)
Scrolls
 b - 2 scrolls of immolation
 h - 3 scrolls of blinking
 j - 6 scrolls of identify
 k - 4 scrolls of teleportation
 o - 2 scrolls of enchant armour
 B - 3 scrolls of enchant weapon
 C - 2 scrolls of fog
Potions
 g - 2 potions of brilliance
 m - 5 potions of flight
 n - 4 potions of curing
 p - 5 potions of mutation
 s - a potion of ambrosia
 t - a potion of resistance
 u - a potion of haste


   Skills:
 + Level 4.5 Fighting
 * Level 10.3 Ranged Weapons
 + Level 2.9 Armour
 + Level 2.8 Dodging
 + Level 1.8 Stealth


You had 8 spell levels left.
You didn't know any spells.
Your spell library contained the following spells:

 Spells                   Type           Power      Damage    Failure   Level
 Beastly Appendage        Tmut           0%         N/A       50%         1
 Necrotise                Necr           0%         1d4       50%         1
 Wereblood                Tmut           0%         N/A       65%         2
 Spider Form              Tmut/Pois      0%         N/A       86%         3
 Vampiric Draining        Necr           0%         2d6       86%         3
 Agony                    Necr           0%         N/A       100%        5


Dungeon Overview and Level Annotations

Branches:
Dungeon (7/15)              Sewer (visited)
 Temple: D:4-7

Altars:
Gozag
Kikubaaqudgha
Trog
Xom
Yredelemnul
Zin

Shops:
D:3 ?   D:7 [


Innate Abilities, Weirdness & Mutations

Your serpentine skin is tough. (AC +3)
You have supernaturally acute eyesight. (SInv)
Armour fits poorly on your strangely shaped body.
Your system is resistant to poisons. (rPois)
You cover ground very slowly.
You can spit poison.
You have a snake-like lower body.


Message History

The arrow closely misses the kobold demonologist.
The arrow hits the quasit!
You kill the quasit!
The quasit disappears in a puff of smoke!
The kobold demonologist hits you but does no damage.
The kobold hits you but does no damage.
The chaos spawn hits you but does no damage.
The sun demon hits you.
You are engulfed in flames!
The sun demon hits you!
* * * LOW HITPOINT WARNING * * *
You are engulfed in flames!!
* * * LOW HITPOINT WARNING * * *
The kobold hits you but does no damage. The kobold misses you.
The kobold demonologist casts a spell.
The kobold completely misses you.
You are too injured to fight recklessly!
You are too injured to fight recklessly!
You are too injured to fight recklessly!
Okay, then.
You feel much better.
The quasit disappears in a puff of smoke!
The iron imp disappears in a puff of smoke!
The chaos spawn gores you!
* * * LOW HITPOINT WARNING * * *
You resist with almost no effort. The sun demon barely misses you.
The sun demon misses you.
The kobold demonologist closely misses you.
The kobold closely misses you. The kobold hits you but does no damage.
The kobold barely misses you.
Fire: a) +1 shortbow
Press: ? - help, Q - select action, (/) - cycle Shift-Dir - straight line, f/p - kobold demonologist
Aim: a kobold demonologist, wielding a +0 dagger and wearing a +0 robe (almost dead, 58% to hit)
You shoot an arrow. The arrow hits the kobold demonologist.
The kobold demonologist is almost dead.
The ufetubus hits you.
* * * LOW HITPOINT WARNING * * *
The ufetubus hits you but does no damage.
The chaos spawn hits you.
* * * LOW HITPOINT WARNING * * *
The chaos spawn freezes you!
You die...

#.##..## #.# #
#......####.# # #.
####....#.......
#.#.#####.....########.#
#..........#..########.#
#.
#............##.........
#.
##..........####.####.).#
.. #......435.......#
##.#.# .
#.....5K@K..###### #..#.#
#.#...>..K3K..# ###.##.#
#.#..$....5...# ##...##.#
##....##########
##..####†# #...<...#
#..## #.# #....##.#
###.## #.# #..##.# #...#
#.# #. #.# #...### #.# #
#.# #....# #.#


You could see 2 sun demons, a kobold demonologist, a chaos spawn (summoned), an
iron imp (summoned), a quasit (summoned), an ufetubus (summoned) and 3 kobolds.

Vanquished Creatures
  A steam dragon (D:7)
  2 ice beasts (D:7)
  A hornet zombie (D:6)
  A sky beast (D:7)
  An ogre (D:6)
  4 centaurs
  2 phantoms
  A kobold brigand (D:6)
  2 scorpions
  4 howler monkeys
  3 centaur zombies (D:6)
  4 hounds
  A bullfrog zombie (D:6)
  A jelly (D:3)
  An orc priest (D:3)
  2 sleepcaps
  4 iguanas
  2 orc wizards
  A howler monkey zombie (D:6)
  4 gnolls (D:5)
  17 adders
  5 river rats
  An ufetubus (D:7)
  6 worms
  3 dart slugs
  10 orcs
  7 bats
  4 endoplasms
  3 giant cockroaches
  5 goblins
  4 hobgoblins
  8 jackals
  8 quokkas
  2 ball pythons
  5 frilled lizards
  22 kobolds
  4 rats (D:3)
156 creatures vanquished.

Notes
Turn   | Place    | Note
-------+----------+-------------------------------------------
     0 | D:1      | jimonade the Naga Hunter began the quest for the Orb.
     0 | D:1      | Reached XP level 1. HP: 19/19 MP: 1/1
   383 | D:1      | Reached XP level 2. HP: 26/26 MP: 2/2
   685 | D:1      | Reached skill level 4 in Ranged Weapons
   992 | D:2      | Reached XP level 3. HP: 32/32 MP: 3/3
  1399 | D:2      | Reached XP level 4. HP: 40/40 MP: 4/4
  1640 | D:2      | Found a faded altar of an unknown god.
  1755 | D:3      | Found Zeola's Magic Scroll Shoppe.
  1941 | D:3      | Reached skill level 5 in Ranged Weapons
  1944 | D:3      | Found a glowing drain.
  1948 | Sewer    | Entered a sewer
  1950 | Sewer    | Reached XP level 5. HP: 48/48 MP: 5/5
  2283 | Sewer    | Reached XP level 6. HP: 55/55 MP: 6/6
  2865 | D:3      | Reached skill level 6 in Ranged Weapons
  2877 | D:3      | Reached skill level 1 in Armour
  3566 | D:4      | Reached XP level 7. HP: 49/62 MP: 7/7
  3834 | D:4      | Reached skill level 7 in Ranged Weapons
  4057 | D:5      | Entered Level 5 of the Dungeon
  4134 | D:5      | Found a glowing silver altar of Zin.
  4136 | D:5      | Found a shimmering altar of Xom.
  4137 | D:5      | Found an opulent altar of Gozag.
  4138 | D:5      | Found an ancient bone altar of Kikubaaqudgha.
  4259 | D:5      | Reached XP level 8. HP: 48/72 MP: 8/8
  4407 | D:5      | Reached skill level 8 in Ranged Weapons
  4768 | D:6      | Identified the ring of the Distant Future {MP+9 Str+4}
  4869 | D:6      | Found a basalt altar of Yredelemnul.
  4941 | D:6      | Reached skill level 9 in Ranged Weapons
  5240 | D:7      | Noticed a kobold demonologist
  5285 | D:7      | Reached XP level 9. HP: 79/79 MP: 9/9
  5411 | D:7      | Found a bloodstained altar of Trog.
  5475 | D:7      | Reached skill level 10 in Ranged Weapons
  5557 | D:7      | Found Zotwum's Armour Boutique.
  5699 | D:7      | Noticed a sun demon
  5700 | D:7      | Noticed a sun demon
  5702 | D:7      | HP: 3/79 [sun demon[a kobold demonologist] (19)]
  5704 | D:7      | Slain by a chaos spawn

Illustrated notes

Levels and vault maps discovered:
D:1:      nzn_arrival_depleted_hourglass, layout_loops_ring,
          chequers_serial_rivers_room_b
D:2:      layout_loops_ring, dreamdust_ecumenical_altar_hidden_monk_grotto,
          nicolae_half_adder
D:3:      layout_basic, gup_sewer_entry_spiral, serial_shops, shop_statue,
          moated_statue, minmay_misc_feat_square, columned_hall_lemuel,
          minmay_crystal_room, chequers_serial_rivers_micro_b,
          roderic_three_in_a_row, minmay_misc_feat_roman
D:4:      minmay_clustersquares, layout_rooms
D:5:      layout_rooms, mainiacjoe_overflow_alcove_3
D:6:      layout_rooms, nicolae_yredelemnul_corpse_copse
D:7:      layout_rooms, lightli_temple_of_fire,
          minmay_temple_entry_enclosed_plants, serial_shops,
          nicolae_take_the_stairs

Skill      XL: |  1  2  3  4  5  6  7  8  9 |
---------------+----------------------------+-----
Ranged Weapons | 4 5 6 7 9 10 | 10.3
Dodging        | 2 |  2.8
Fighting       | 3 4 |  4.5
Armour         | 1 2 |  2.9
Stealth        | |  1.8

Action                     |  1- 3 |  4- 6 |  7- 9 || total
---------------------------+-------+-------+-------++-------
   Fire: Shortbow          |    78 |   264 |   399 ||   741
Ability: Spit Poison       |     3 |     1 |     3 ||     7
  Evoke: Wand              |       |       |     2 ||     2
    Use: Scroll            |       |    11 |     5 ||    16
         Potion            |       |     1 |     1 ||     2
 Armour: Leather armour    |    11 |     1 |       ||    12
         Ring mail         |       |   104 |   326 ||   430
  Dodge: Dodged            |    28 |   105 |   233 ||   366

Table legend: (Time is in decaauts)
 A = Elapsed time spent in this place.
 B = Non-inter-level travel time spent in this place.
 C = Inter-level travel time spent in this place.
 D = Time resting spent in this place.
 E = Time spent auto-exploring this place.
 F = Levels seen in this place.
 G = Mean time per level.
                   A        B        C        D        E       F      G
               +--------+--------+--------+--------+--------+-----+--------+
         Total |   7627 |   7259 |    368 |    304 |   4194 |   8 |  953.4 |
       Dungeon |   6712 |   6344 |    368 |    270 |   3791 |   7 |  958.9 |
         Sewer |    914 |    914 |      0 |     34 |    403 |   1 |  914.0 |
               +--------+--------+--------+--------+--------+-----+--------+

Top non-repeatable levels by time:
     D:3: 1345 daAuts
     D:1: 1185 daAuts
     D:2: 1032 daAuts
     D:4: 985 daAuts
   Sewer: 914 daAuts
     D:5: 853 daAuts
     D:6: 723 daAuts
     D:7: 586 daAuts
